 Dungeon Crawl Stone Soup version 0.20-a0-893-g832831a (webtiles) character file.

192 graki42 the Firebug (level 5, -15/28 HPs)
             Began as a Deep Elf Fire Elementalist on Mar 16, 2017.
             Killed by miscasting Sticky Flame (28 damage)
             ... on level 4 of the Dungeon on Mar 17, 2017.
             The game lasted 00:10:08 (2657 turns).

graki42 the Firebug (Deep Elf Fire Elementalist)    Turns: 2657, Time: 00:10:09

Health: -15/28     AC:  4    Str:  6    XL:     5   Next: 42%
Magic:  5/13       EV: 13    Int: 20    God:
Gold:   90         SH:  0    Dex: 15    Spells: 2/13 levels left

rFire    . . .     SeeInvis .   r - +0 quarterstaff
rCold    . . .     Gourm    .   a - +0 robe
rNeg     . . .     Faith    .   (shield currently unavailable)
rPois    .         Spirit   .   t - +0 helmet
rElec    .         Reflect  .   (no cloak)
rCorr    .         Harm     .   (no gloves)
MR       .....                  p - +0 pair of boots
Stlth    ++........             (no amulet)
Regen    0.1/turn               (no ring)
MPRegen  0.2/turn               (no ring)

@: very slightly contaminated
A: no striking features
a: no special abilities


You were on level 4 of the Dungeon.
You were very hungry.

You visited 1 branch of the dungeon, and saw 4 of its levels.

You collected 90 gold pieces.

Inventory:

Hand Weapons
 r - a +0 quarterstaff (weapon)
 x - a +0 blowgun
Armour
 a - a +0 robe (worn)
 p - a +0 pair of boots (worn)
 t - a +0 helmet (worn)
Wands
 o - a wand of acid (5/15)
 s - a wand of random effects (15/48)
Scrolls
 d - 3 scrolls of identify
 e - a scroll of noise
 g - 2 scrolls of amnesia
 i - a scroll of remove curse
 k - 2 scrolls of immolation
 l - a scroll of enchant armour
Potions
 f - 3 potions of berserk rage {unknown}
 h - a potion of ambrosia {unknown}
 j - 2 potions of mutation {unknown}
 n - a potion of agility {unknown}
 q - 2 potions of brilliance {unknown}
 w - 2 potions of lignification {unknown}
 z - a potion of haste {unknown}
 A - a potion of curing {unknown}
Books
 b - a book of Flames

   Spells                             Type                      Level
   a - Flame Tongue                   Conjuration/Fire             1
   b - Throw Flame                    Conjuration/Fire             2
   c - Conjure Flame                  Conjuration/Fire             3
   d - Inner Flame                    Hexes/Fire                   3
   e - Sticky Flame                   Conjuration/Fire             4
   f - Fireball                       Conjuration/Fire             5
Comestibles
 c - 3 bread rations
 m - 7 fruits
 v - 2 meat rations
 B - a royal jelly


   Skills:
 + Level 0.1 Fighting
 + Level 3.0 Dodging
 + Level 2.9 Stealth
 + Level 4.6 Spellcasting
 + Level 3.1 Conjurations
 + Level 4.6 Fire Magic


You had 2 spell levels left.
You knew the following spells:

 Your Spells              Type           Power        Failure   Level  Hunger
a - Flame Tongue          Conj/Fire      ###..        2%          1    None
b - Conjure Flame         Conj/Fire      ###.....     10%         3    ##.....
c - Inner Flame           Hex/Fire       ##......     17%         3    ##.....
d - Sticky Flame          Conj/Fire      ###.....     24%         4    ####...


Dungeon Overview and Level Annotations

Branches:
Dungeon (4/15)
 Temple: D:4-7

Altars:
Ashenzari
Elyvilon
Uskayaw
Wu Jian
Xom

Annotations:
D:4 Eustachio


Message History

Aim: an ogre, wielding a giant club (moderately wounded)
The flame tongue hits the ogre.
The ogre is heavily wounded.
Casting: Flame Tongue
Confirm with . or Enter, or press ? or * to list all spells.
Aiming: Flame Tongue
Press: ? - help, Shift-Dir - straight line, f/p - ogre
Aim: an ogre, wielding a giant club (heavily wounded)
The flame tongue hits the ogre.
The ogre is severely wounded.
Casting: Flame Tongue
Confirm with . or Enter, or press ? or * to list all spells.
Aiming: Sticky Flame
Press: ? - help, Shift-Dir - straight line, f/p - ogre
Aim: an ogre, wielding a giant club (severely wounded)
You miscast Sticky Flame.
You are very lightly contaminated with residual magic.
You are caught in a violent explosion!
The explosion engulfs you!
Ouch! That really hurt!
You die...

♣♣♣♣## #♣♣....# #..♣P..#
#### #♣.PP♣.###..#######
♣.P♣♣.....P......######
#.####...P.............
#.#......♣♣............
##.#.##PP♣♣♣...O@.......
.....#.PP♣♣.......##....
##.#..P♣P♣PP......# ...
#...♣.♣♣PP.##....## ♣.
#..PPPPP♣..#......#
#..P......##......#
#..#####..........#
##.## ######.....# #..#
#.<...#


You could see an ogre.

Vanquished Creatures
  A hound (D:3)
  An iguana (D:4)
  A worker ant (D:4)
  4 adders
  2 oozes
  3 worms
  3 dart slugs
  3 orcs (D:3)
  6 bats
  2 giant cockroaches (D:3)
  7 goblins
  3 hobgoblins
  2 jackals (D:3)
  A quokka (D:4)
  A ball python (D:1)
  A frilled lizard (D:2)
  5 kobolds
  7 rats
53 creatures vanquished.

Notes
Turn   | Place    | Note
-------+----------+-------------------------------------------
     0 | D:1      | graki42 the Deep Elf Fire Elementalist began the quest for the Orb.
     0 | D:1      | Reached XP level 1. HP: 10/10 MP: 6/6
   249 | D:1      | Reached XP level 2. HP: 15/15 MP: 2/8
   629 | D:2      | Reached XP level 3. HP: 19/19 MP: 4/9
   634 | D:2      | Learned a level 3 spell: Conjure Flame
   638 | D:2      | Learned a level 3 spell: Inner Flame
   682 | D:2      | Found a shimmering altar of Xom.
  1474 | D:3      | Found a white marble altar of Elyvilon.
  1570 | D:3      | Reached XP level 4. HP: 20/24 MP: 6/12
  1576 | D:3      | Learned a level 4 spell: Sticky Flame
  1583 | D:3      | Found an ornate altar of the Wu Jian Council.
  1910 | D:3      | Found a hide-covered altar of Uskayaw.
  2249 | D:4      | Found a shattered altar of Ashenzari.
  2268 | D:4      | Noticed Eustachio
  2270 | D:4      | Reached XP level 5. HP: 18/28 MP: 5/13
  2649 | D:4      | Noticed an ogre
  2657 | D:4      | Killed by miscasting Sticky Flame

Vault maps used:
D:1:      dpeg_arrival_three_same_balls
D:2:      xom_butterflies
D:3:      old_standard_altar, old_standard_altar, lemuel_coloured_pillars_altar,
          first_bread
D:4:      lemuel_crystal_altar, serial_forest, infiniplex_forest_clump_curved,
          infiniplex_forest_clump_double, infiniplex_forest_diagonal,
          infiniplex_forest_clump_diagonal, infiniplex_forest_lined_corner,
          infiniplex_forest_corner_1, hangedman_decor_lopped,
          minmay_stone_trees_small, kennysheep_generic_room_9, uniq_pikel,
          uniq_eustachio

Skill      XL: |  1  2  3  4 |
---------------+-------------+-----
Fire Magic     | 4 |  4.6
Spellcasting   | 4 |  4.6
Conjurations   | 2 3 |  3.1
Dodging        | 3 |  3.0
Fighting       | |  0.1
Stealth        | |  2.9

Action                   |  1- 3 |  4- 6 || total
-------------------------+-------+-------++-------
 Cast: Flame Tongue      |    59 |    47 ||   106
       Conjure Flame     |       |     1 ||     1
       Sticky Flame      |       |     1 ||     1
  Use: Scroll            |       |     8 ||     8
  Eat: Chunk             |     2 |     2 ||     4
Armor: Robe              |     4 |     2 ||     6
Dodge: Dodged            |    29 |     9 ||    38
